 Dungeon Crawl Stone Soup version 0.23.0 (webtiles) character file.

Game seed: 4744757310418097894

95 Marnok the Charlatan (level 4, -9/38 HPs)
             Began as a Deep Dwarf Artificer on Feb 11, 2019.
             Killed by divine providence
             ... invoked by an orc priest
              (14 damage)
             ... on level 3 of the Dungeon.
             The game lasted 00:12:12 (1543 turns).

Marnok the Charlatan (Deep Dwarf Artificer)         Turns: 1543, Time: 00:12:15

Health: -9/38      AC:  4    Str: 14 (15) XL:     4   Next: 39%
Magic:  7/7        EV: 11    Int: 12      God:
Gold:   86         SH:  0    Dex: 12 (14) Spells: 3/3 levels left

rFire    . . .     SeeInvis .   k - +1 dagger (holy)
rCold    . . .     Gourm    .   (no shield)
rNeg     . . .     Faith    .   n - -1 ring mail (curse)
rPois    .         Spirit   .   (no helmet)
rElec    .         Reflect  .   (no cloak)
rCorr    .         Harm     .   (no gloves)
MR       .....                  (no boots)
Stlth    +.........             (no amulet)
HPRegen  0.00/turn              (no ring)
MPRegen  0.10/turn              (no ring)

@: non-regenerating
A: damage resistance, heal wounds, sense surroundings 1, no regeneration
a: Heal Wounds


You were on level 3 of the Dungeon.
You were very hungry.

You visited 1 branch of the dungeon, and saw 4 of its levels.

You collected 86 gold pieces.

Inventory:

Hand Weapons
 a - a +0 short sword
 k - a +1 dagger of holy wrath (weapon)
 r - a +2 mace of venom
Missiles
 g - 50 sling bullets
Armour
 b - a +0 leather armour
 i - a +0 pair of boots
 n - a cursed -1 ring mail (worn)
Magical Staves
 t - an uncursed staff of death {unknown}
Wands
 c - a wand of flame (13)
 d - a wand of enslavement (13)
 e - a wand of random effects (15)
Scrolls
 h - 2 scrolls of teleportation {unknown}
 j - a scroll of fear {unknown}
 l - a scroll of magic mapping {unknown}
 m - 2 scrolls of identify {unknown}
Comestibles
 f - 5 rations


   Skills:
 + Level 1.3 Fighting
 + Level 1.8 Short Blades
 + Level 1.7 Armour
 + Level 3.0 Dodging
 + Level 1.4 Stealth
 + Level 5.0 Evocations


You had 3 spell levels left.
You didn't know any spells.
Your spell library was empty.

Dungeon Overview and Level Annotations

Branches:
Dungeon (4/15)
 Temple: D:4-7

Altars:
Makhleb
Zin

Annotations:
D:3 Sigmund
D:4 Robin


Innate Abilities, Weirdness & Mutations

You are resistant to damage.
You can heal yourself by infusing magical energy.
You passively map a small area around you.
You do not regenerate.


Message History

* * * LOW HITPOINT WARNING * * *
You feel much better. The orc priest hits you with a +0 whip.
You hit the orc priest but do no damage.
Something hits you! The orc priest barely misses you.
You closely miss the orc priest. Something hits you.
You closely miss the orc priest.
The orc priest hits you but does no damage.
You hit the orc priest.
The orc priest is moderately wounded.
The orc priest barely misses you. Something hits you.
You hit the orc priest but do no damage.
The orc priest is moderately wounded.
The orc priest hits you with a +0 whip.
You hit the orc priest.
The orc priest is moderately wounded.
Something hits you!
* * * LOW HITPOINT WARNING * * *
The orc priest invokes the aid of Beogh against you.
Beogh smites you!
You die...

#..... #.....
#..... #.S.##
#.....
#############.....
#.{.a(og.....gg...
#o###....o.##.....
#@# #......##.....
#.# #......##.....
#.# #......####...
#.# #....### ###
#.# ###### , ,
###.# + #<..# **,
, ##### **


You could see an orc priest.

Vanquished Creatures
  2 worker ants (D:3)
  An adder (D:2)
  An ooze (D:3)
  2 worms (D:2)
  A dart slug (D:1)
  6 leopard geckos
  3 orcs
  3 bats
  A giant cockroach (D:2)
  2 hobgoblins
  4 goblins
  3 kobolds
  A rat (D:1)
30 creatures vanquished.

Vanquished Creatures (collateral kills)
  An adder (D:3)
  An orc (D:3)
2 creatures vanquished.

Grand Total: 32 creatures vanquished

Notes
Turn   | Place    | Note
-------+----------+-------------------------------------------
     0 | D:1      | Marnok the Deep Dwarf Artificer began the quest for the
                  | Orb.
     0 | D:1      | Reached XP level 1. HP: 16/16 MP: 3/3
    88 | D:3      | Noticed a worker ant
   106 | D:3      | Killed a worker ant
   106 | D:3      | Reached skill level 1 in Fighting
   106 | D:3      | Reached skill level 1 in Short Blades
   106 | D:3      | Reached XP level 2. HP: 9/25 MP: 5/5
   141 | D:4      | Noticed Robin
   217 | D:3      | Reached XP level 3. HP: 19/31 MP: 6/6
   275 | D:3      | Noticed Sigmund
   293 | D:2      | HP: 1/31 [orc/+0 hand axe (6)]
   601 | D:1      | Reached skill level 1 in Armour
  1023 | D:2      | Reached XP level 4. HP: 31/38 MP: 7/7
  1182 | D:2      | Found a burning altar of Makhleb.
  1184 | D:2      | Found a glowing silver altar of Zin.
  1184 | D:2      | Noticed a cacodemon
  1184 | D:2      | Noticed an angel
  1534 | D:3      | Reached skill level 5 in Evocations
  1543 | D:3      | Killed from afar by an orc priest

Skill      XL: |  1  2  3  4 |
---------------+-------------+-----
Fighting       | 1 |  1.3
Short Blades   | 1 |  1.8
Armour         | 1 |  1.7
Dodging        | 3 |  3.0
Evocations     | 5 |  5.0
Stealth        | |  1.4

Action                   |  1- 3 |  4- 6 || total
-------------------------+-------+-------++-------
Melee: Short sword       |   111 |       ||   111
       Dagger            |    41 |    88 ||   129
 Abil: Heal Wounds       |     4 |     2 ||     6
Evoke: Wand              |       |     4 ||     4
  Use: Potion            |     2 |     4 ||     6
  Eat: Chunk             |       |     1 ||     1
Armor: Leather armour    |    45 |       ||    45
       Ring mail         |     7 |    36 ||    43
Dodge: Dodged            |   115 |    76 ||   191
